 Dungeon Crawl Stone Soup version 0.21.1-1-g345015f (webtiles) character file.

93 Mgcat the Insei (level 4, 0/34 HPs)
             Began as a Gnoll Transmuter on Mar 29, 2018.
             Succumbed to an adder's poison
             ... on level 2 of the Dungeon.
             The game lasted 00:04:44 (1026 turns).

Mgcat the Insei (Gnoll Transmuter)                  Turns: 1026, Time: 00:04:44

Health: 0/34       AC:  2    Str: 13    XL:     4   Next: 62%
Magic:  9/11       EV: 15    Int: 21    God:
Gold:   61         SH:  0    Dex: 15    Spells: 10/13 levels left

rFire    . . .     SeeInvis .     - Unarmed
rCold    . . .     Gourm    .   (no shield)
rNeg     . . .     Faith    +   b - +0 robe
rPois    .         Spirit   .   (no helmet)
rElec    .         Reflect  .   (no cloak)
rCorr    .         Harm     .   (no gloves)
MR       .....                  (no boots)
Stlth    ++........             e - amulet of faith {Faith, !P}
HPRegen  0.11/turn              (no ring)
MPRegen  0.12/turn              (no ring)

@: brilliant, lethally poisoned (0 -> -7)
A: distributed training, fangs 1, strong nose
a: no special abilities


You were on level 2 of the Dungeon.
You were hungry.

You visited 1 branch of the dungeon, and saw 2 of its levels.

You collected 61 gold pieces.

Inventory:

Missiles
 a - 43 arrows
 o - 7 javelins (quivered)
Armour
 b - a +0 robe (worn)
Jewellery
 e - an amulet of faith (around neck) {Faith, !P}
   (You found it on level 1 of the Dungeon)
Scrolls
 g - 2 scrolls of remove curse {unknown}
 h - a scroll of teleportation {unknown}
 j - a scroll of enchant armour {unknown}
 k - a scroll of magic mapping {unknown}
 n - a scroll of enchant weapon {unknown}
Potions
 l - a potion of might
Books
 c - a book of Changes
Comestibles
 d - 4 rations
 f - 16 chunks of flesh {@w0}


   Skills:
 + Level 2.8 Fighting
 + Level 1.2 Short Blades
 + Level 1.2 Long Blades
 + Level 1.2 Axes
 + Level 1.2 Maces & Flails
 + Level 1.2 Polearms
 + Level 1.2 Staves
 + Level 1.2 Slings
 + Level 1.2 Bows
 + Level 1.2 Crossbows
 + Level 1.2 Throwing
 + Level 1.2 Armour
 + Level 4.6 Dodging
 + Level 1.2 Stealth
 + Level 1.2 Shields
 + Level 6.6 Unarmed Combat
 + Level 5.1 Spellcasting
 + Level 1.0 Conjurations
 + Level 1.0 Hexes
 + Level 1.0 Charms
 + Level 1.0 Summonings
 + Level 1.0 Necromancy
 + Level 1.0 Translocations
 + Level 3.8 Transmutations
 + Level 1.0 Fire Magic
 + Level 1.0 Ice Magic
 + Level 1.0 Air Magic
 + Level 1.0 Earth Magic
 + Level 1.0 Poison Magic
 + Level 1.3 Invocations
 + Level 1.2 Evocations


You had 10 spell levels left.
You knew the following spells:

 Your Spells              Type           Power        Failure   Level  Hunger
a - Beastly Appendage     Tmut           ####..       1%          1    None
b - Sticks to Snakes      Tmut           ####....     1%          2    None


Dungeon Overview and Level Annotations

Branches:
Dungeon (2/15)

Altars:


Innate Abilities, Weirdness & Mutations

Your experience applies equally to all skills.
You have very sharp teeth.
Your uncanny sense of smell can sniff out nearby items.


Message History

Your ball python constricts the hobgoblin.
You hit the hobgoblin.
You kill the hobgoblin!
The adder bites you.
You are poisoned.
The adder poisons you!
You closely miss the adder. You headbutt the adder.
The adder is heavily wounded.
You feel sick. The adder closely misses you.
Your ball python bites the adder.
Your ball python barely misses the adder.
The adder bites you but does no damage.
You closely miss the adder.
The adder is heavily wounded.
Your ball python barely misses the adder. x2
The adder closely misses you.
You closely miss the adder. You headbutt the adder.
You bite the adder, but do no damage.
The adder is severely wounded.
You feel sick.
Your ball python barely misses the adder.
Your ball python misses the adder.
The adder misses you.
A goblin comes into view. It is wielding a club.
You barely miss the adder.
The adder is severely wounded.
Your ball python bites the adder.
Your ball python grabs the adder.
Your ball python constricts the adder.
The adder closely misses your ball python.
The adder barely misses your ball python.
The goblin moves out of view.
Your ball python bites the adder.
The adder dies!
Your Conjurations skill increases to level 1!
Your Hexes skill increases to level 1!
Your Charms skill increases to level 1!
Your Summonings skill increases to level 1!
Your Necromancy skill increases to level 1!
Your Translocations skill increases to level 1!
Your Fire Magic skill increases to level 1!
Your Ice Magic skill increases to level 1!
Your Air Magic skill increases to level 1!
Your Earth Magic skill increases to level 1!
Your Poison Magic skill increases to level 1!
The adder bites you but does no damage. The kobold hits you.
Your ball python completely misses the adder. x2
You see here an adder corpse.
You punch the kobold!
You kill the kobold!
The adder misses you.
Your ball python bites the adder.
Your ball python grabs the adder.
Your ball python constricts the adder.
You hit the adder but do no damage. You bite the adder, but do no damage.
The adder is moderately wounded.
You feel sick. The adder bites you.
Your ball python completely misses the adder.
Your ball python constricts the adder.
The adder misses you.
A goblin zombie comes into view.
You hit the adder.
The adder is severely wounded.
Your ball python loses its grip on the adder.
Your ball python withers and dies!
The adder bites you.
You are more poisoned.
The adder poisons you!
You are feeling hungry.
You barely miss the adder. Your headbutt misses the adder.
The adder is severely wounded.
You feel sick. The adder bites you.
You are more poisoned.
The adder poisons you!
It was a potion of might.
You feel very mighty all of a sudden.
You feel sick. The adder barely misses you. The goblin hits you with a club.
* * * LOW HITPOINT WARNING * * *
It was a potion of agility.
You feel agile all of a sudden.
* * * LOW HITPOINT WARNING * * *
You feel sick. The adder misses you. The goblin barely misses you.
The adder bites you.
* * * LOW HITPOINT WARNING * * *
It was a potion of cancellation.
Your magical effects are unravelling.
You feel magically purged.
Your horns disappear.
You feel a little less mighty now.
You feel a little less agile now.
* * * LOW HITPOINT WARNING * * *
You feel sick. The adder closely misses you. The goblin hits you with a club.
* * * LOW HITPOINT WARNING * * *
Okay, then.
It was a potion of brilliance.
You feel clever all of a sudden.
* * * LOW HITPOINT WARNING * * *
You feel sick. The adder completely misses you. The goblin closely misses you.
Casting: Beastly Appendage
Confirm with . or Enter, or press ? or * to list all spells.
You create 2 snakes!
You now have 43 arrows.
The adder completely misses you. The goblin barely misses you.
* * * LOW HITPOINT WARNING * * *
You feel sick. The adder misses you.
Your adder barely misses the adder.
The adder misses you. The goblin barely misses you.
* * * LOW HITPOINT WARNING * * *
You feel sick.
Your adder closely misses the adder.
The adder completely misses your adder.
You die...

#... # ######÷##. ....
. ........... .8. #.
#######...# #.?
#.###.........
##..######.....######..
#...g.†.......## #####.
#>.ZSS## #..###.....
###.#S.# ##.....###. #
##@# ##..#### #. #.#
###...## #.
#.####...#..## #.
#...##.####..## ## ∆
###....## ##÷.####
#.....###.......
###(##.#.).##....
....##.#.########
..........#


You could see an adder, a goblin zombie, a goblin, a friendly adder and a
friendly ball python.

Vanquished Creatures
  Natasha (D:2)
  An adder (D:2)
  A worm (D:2)
  2 dart slugs
  2 leopard geckos (D:1)
  4 giant cockroaches (D:1)
  3 goblins
  6 hobgoblins
  2 jackals (D:2)
  9 bats
  6 frilled lizards
  3 kobolds
  7 rats
47 creatures vanquished.

Vanquished Creatures (collateral kills)
  An adder (D:2)
1 creature vanquished.

Grand Total: 48 creatures vanquished

Notes
Turn   | Place    | Note
-------+----------+-------------------------------------------
     0 | D:1      | Mgcat the Gnoll Transmuter began the quest for the Orb.
     0 | D:1      | Reached XP level 1. HP: 17/17 MP: 6/6
   128 | D:1      | Reached XP level 2. HP: 18/23 MP: 5/7
   145 | D:1      | Learned a level 2 spell: Sticks to Snakes
   345 | D:1      | Reached XP level 3. HP: 23/28 MP: 9/9
   372 | D:1      | Reached skill level 5 in Spellcasting
   860 | D:2      | Noticed Natasha
   867 | D:2      | Killed Natasha
   867 | D:2      | Reached skill level 1 in Short Blades
   867 | D:2      | Reached skill level 1 in Long Blades
   867 | D:2      | Reached skill level 1 in Axes
   867 | D:2      | Reached skill level 1 in Maces & Flails
   867 | D:2      | Reached skill level 1 in Polearms
   867 | D:2      | Reached skill level 1 in Staves
   867 | D:2      | Reached skill level 1 in Slings
   867 | D:2      | Reached skill level 1 in Bows
   867 | D:2      | Reached skill level 1 in Crossbows
   867 | D:2      | Reached skill level 1 in Throwing
   867 | D:2      | Reached skill level 1 in Armour
   867 | D:2      | Reached skill level 1 in Stealth
   867 | D:2      | Reached skill level 1 in Shields
   867 | D:2      | Reached skill level 1 in Invocations
   867 | D:2      | Reached skill level 1 in Evocations
   882 | D:2      | Reached XP level 4. HP: 34/34 MP: 9/11
  1013 | D:2      | Reached skill level 1 in Conjurations
  1013 | D:2      | Reached skill level 1 in Hexes
  1013 | D:2      | Reached skill level 1 in Charms
  1013 | D:2      | Reached skill level 1 in Summonings
  1013 | D:2      | Reached skill level 1 in Necromancy
  1013 | D:2      | Reached skill level 1 in Translocations
  1013 | D:2      | Reached skill level 1 in Fire Magic
  1013 | D:2      | Reached skill level 1 in Ice Magic
  1013 | D:2      | Reached skill level 1 in Air Magic
  1013 | D:2      | Reached skill level 1 in Earth Magic
  1013 | D:2      | Reached skill level 1 in Poison Magic
  1020 | D:2      | HP: 6/34 [adder (3)]
  1024 | D:2      | HP: 2/34 [poisoned by an adder]
  1026 | D:2      | Succumbed to an adder's poison

Skill      XL: |  1  2  3  4 |
---------------+-------------+-----
Spellcasting   | 5 |  5.1
Short Blades   | 1 |  1.2
Long Blades    | 1 |  1.2
Axes           | 1 |  1.2
Maces & Flails | 1 |  1.2
Polearms       | 1 |  1.2
Staves         | 1 |  1.2
Slings         | 1 |  1.2
Bows           | 1 |  1.2
Crossbows      | 1 |  1.2
Throwing       | 1 |  1.2
Armour         | 1 |  1.2
Stealth        | 1 |  1.2
Shields        | 1 |  1.2
Invocations    | 1 |  1.3
Evocations     | 1 |  1.2
Conjurations   | 1 |  1.0
Hexes          | 1 |  1.0
Charms         | 1 |  1.0
Summonings     | 1 |  1.0
Necromancy     | 1 |  1.0
Translocations | 1 |  1.0
Fire Magic     | 1 |  1.0
Ice Magic      | 1 |  1.0
Air Magic      | 1 |  1.0
Earth Magic    | 1 |  1.0
Poison Magic   | 1 |  1.0
Fighting       | |  2.8
Dodging        | |  4.6
Unarmed Combat | |  6.6
Transmutations | |  3.8

Action                   |  1- 3 |  4- 6 || total
-------------------------+-------+-------++-------
Melee: Unarmed           |    77 |    38 ||   115
       Kick              |     8 |    10 ||    18
       Headbutt          |     3 |     2 ||     5
       Bite              |     4 |     3 ||     7
 Cast: Beastly Appendage |    18 |     5 ||    23
       Sticks to Snakes  |     1 |     2 ||     3
  Use: Potion            |       |     4 ||     4
Armor: Robe              |    16 |     4 ||    20
Dodge: Dodged            |    62 |    40 ||   102

Vault maps used:
D:1:      tarquinn_simple_flora_water_e, minmay_tromino_i4
D:2:      dk_yredelemnul_ordeal, uniq_natasha

Table legend:
 A = Turns spent in this place as a percentage of turns spent in the entire game.
 B = Non-inter-level travel turns spent in this place as a percentage of non-inter-level travel turns spent in the entire game.
 C = Inter-level travel turns spent in this place as a percentage of turns spent in this place.
 D = Turns resting spent in this place as a percentage of non-inter-level travel turns spent in this place.
 E = Turns spent auto-exploring this place as a percentage of non-inter-level travel turns spent in this place.
 F = Non-inter-level travel turns spent in this place divided by the number of levels of this place that you've seen.
                   A       B       C       D       E      F
               +-------+-------+-------+-------+-------+----------------------
         Total | 100.0 | 100.0 |   2.0 |   1.5 |  70.3 | 502.5
       Dungeon | 100.0 | 100.0 |   2.0 |   1.5 |  70.3 | 502.5
               +-------+-------+-------+-------+-------+----------------------

Table legend:
 A = Kills in this place as a percentage of kills in entire the game.
 B = Kills by you in this place as a percentage of kills by you in the entire game.
 C = Kills by friends in this place as a percentage of kills by friends in the entire game.
 D = Other kills in this place as a percentage of other kills in the entire game.
 E = Experience gained in this place as a percentage of experience gained in the entire game.
 F = Experience gained in this place divided by the number of levels of this place that you have seen.
                   A       B       C       D       E      F
               +-------+-------+-------+-------+-------+----------------------
         Total | 100.0 | 100.0 | 100.0 |   N/A | 100.0 |  67.0
       Dungeon | 100.0 | 100.0 | 100.0 |   N/A | 100.0 |  67.0
               +-------+-------+-------+-------+-------+----------------------
